 Dungeon Crawl Stone Soup version 0.27-a0-1513-g2aaa0cc67b (webtiles) character file.

Game seed: 8671763099430875208

77 blackman the Slasher (level 4, 0/35 HPs)
             Began as a Human Fighter on July 9, 2021.
             Slain by Pikel (7 damage)
             ... on level 4 of the Dungeon.
             The game lasted 00:06:38 (3286 turns).

blackman the Slasher (Human Fighter)                Turns: 3286, Time: 00:06:39

Health: 0/35       AC: 11    Str: 17    XL:     4   Next: 58%
Magic:  4/4        EV:  2    Int:  9    God:
Gold:   253        SH:  9    Dex: 18    Spells: 3/3 levels left

rFire    . . .     SeeInvis .   i - +1 war axe (vamp)
rCold    . . .     Faith    .   c - +0 kite shield
rNeg     . . .     Spirit   .   f - +0 plate armour
rPois    +         Reflect  .   (no helmet)
rElec    .         Harm     .   (no cloak)
rCorr    .         Rampage  .   (no gloves)
Will     .....                  (no boots)
Stlth    ..........             (no amulet)
HPRegen  0.11/turn              j - ring of poison resistance
MPRegen  0.09/turn              u - +6 ring of dexterity

@: mighty
A: no striking features
a: no special abilities


You were on level 4 of the Dungeon.
You visited 1 branch of the dungeon, and saw 4 of its levels.

You collected 253 gold pieces.

Inventory:

Hand Weapons
 a - a +0 long sword
 i - a +1 vampiric war axe (weapon)
Missiles
 x - 4 javelins (quivered)
Armour
 b - a +0 scale mail
 c - a +0 kite shield (worn)
 e - a +0 chain mail
 f - a +0 plate armour (worn)
Jewellery
 j - a ring of poison resistance (left hand)
 u - a +6 ring of dexterity (right hand)
Wands
 p - a wand of flame (23)
Scrolls
 g - a scroll of identify {unknown}
 h - 3 scrolls of blinking
 k - a scroll of amnesia {unknown}
 l - a scroll of summoning {unknown}
 o - a scroll of noise {unknown}
 r - a scroll of magic mapping {unknown}
 v - a scroll of enchant armour {unknown}
 w - a scroll of brand weapon {unknown}
Potions
 m - a potion of mutation {unknown}
 n - a potion of resistance {unknown}
 q - a potion of heal wounds {unknown}
 s - 2 potions of brilliance {unknown}
 t - a potion of invisibility {unknown}


   Skills:
 - Level 3.0 Fighting
 - Level 3.2 Long Blades
 * Level 2.8 Axes
 - Level 3.0 Armour
 - Level 3.0 Shields


You had 3 spell levels left.
You didn't know any spells.
Your spell library was empty.

Dungeon Overview and Level Annotations

Branches:
Dungeon (4/15)
 Temple: D:4-7

Altars:
Trog

Annotations:
D:4 Pikel


Message History

Here: a lemure The floor.
Unknown command.
There's a creature in the doorway!
You closely miss the lemure. The lemure hits you.
You block the lemure's attack.
You hit the lemure but do no damage. The lemure hits you.
You feel very mighty all of a sudden. You block the lemure's attack.
You closely miss the lemure. You block the lemure's attack.
Pikel hits you but does no damage.
You hit Pikel but do no damage.
Your plate armour prevents you from hitting the lemure.
The lemure hits you.
Pikel hits you with a +2 whip of flaming.
Pikel burns you.
You slash Pikel!
Pikel is moderately wounded.
You hit the lemure.
Pikel hits you with a +2 whip of flaming.
Pikel burns you. The lemure hits you. You block Pikel's attack.
The lemure hits you but does no damage.
You slash Pikel!
You feel better.
Pikel is heavily wounded.
You slash the lemure! The lemure hits you.
Pikel hits you with a +2 whip of flaming!
* * * LOW HITPOINT WARNING * * *
Pikel burns you.
* * * LOW HITPOINT WARNING * * *
You slash Pikel!
You feel better.
Pikel is almost dead.
You slash the lemure!
You kill the lemure!
That felt strangely unrewarding.
Pikel hits you with a +2 whip of flaming.
* * * LOW HITPOINT WARNING * * *
Pikel burns you.
* * * LOW HITPOINT WARNING * * *
Pikel hits you with a +2 whip of flaming!
You die...

#......# #......+
...# #......# ..5#
#......#### 5K.#
#......#..##...#
#.....)#..#.5..#
#......#..#....#
#......#..#5...#
#......#.@K55..#
#......#..##...#
########......#..#
..#
#.............#..#
.#
#.......###+###..##
+
#.......#.........#
#.......#......>.##
#.......#........#
#.......#'########.


You could see Pikel and 3 lemures.

Vanquished Creatures
  A lemure (D:4)
  2 adders (D:2)
  An adder skeleton (D:2)
  A worm (D:3)
  A dart slug (D:3)
  An orc (D:3)
  5 endoplasms
  5 goblins
  4 hobgoblins
  6 jackals (D:1)
  4 kobolds
  2 quokkas (D:2)
  2 ball pythons
  3 bats
  2 frilled lizards
  8 rats
48 creatures vanquished.

Notes
Turn   | Place    | Note
-------+----------+-------------------------------------------
     0 | D:1      | blackman the Human Fighter began the quest for the Orb.
     0 | D:1      | Reached XP level 1. HP: 18/18 MP: 1/1
    42 | D:1      | Found a faded altar of an unknown god.
   146 | D:1      | Reached XP level 2. HP: 7/24 MP: 2/2
  1202 | D:1      | Reached XP level 3. HP: 29/29 MP: 3/3
  1319 | D:1      | Reached skill level 1 in Axes
  2019 | D:2      | Found a bloodstained altar of Trog.
  2147 | D:2      | You fall into a shaft and drop 2 floors!
  2181 | D:3      | Reached XP level 4. HP: 35/35 MP: 4/4
  3275 | D:4      | Noticed Pikel
  3275 | D:4      | Noticed a lemure
  3275 | D:4      | Noticed a lemure
  3275 | D:4      | Noticed a lemure
  3275 | D:4      | Noticed a lemure
  3286 | D:4      | Killed a lemure
  3286 | D:4      | Slain by Pikel

Illustrated notes

Levels and vault maps discovered:
D:1:      minmay_arrival_four_houses, layout_basic,
          dreamdust_ecumenical_altar_sealed_demon, minmay_rat_gold_closets
D:2:      layout_basic, serial_glass, glass_columns_a, glass_columns_b,
          basic_altar
D:3:      layout_basic
D:4:      layout_gridville, nicolae_overflow_crystal_walls, lemuel_doored_altar,
          kennysheep_mini_moat, nrook_loot_triangle, minmay_cut_off,
          uniq_sigmund, uniq_pikel

Skill      XL: |  1  2  3 |
---------------+----------+-----
Long Blades    | 3 |  3.2
Axes           | 2 |  2.8
Fighting       | |  3.0
Armour         | |  3.0
Shields        | |  3.0

Action                   |  1- 3 |  4- 6 || total
-------------------------+-------+-------++-------
Melee: Long sword        |    45 |       ||    45
       War axe           |    57 |    44 ||   101
  Use: Scroll            |       |     1 ||     1
       Potion            |       |     1 ||     1
Armor: Scale mail        |     4 |       ||     4
       Chain mail        |    13 |       ||    13
       Plate armour      |    45 |    34 ||    79
Dodge: Dodged            |    31 |     6 ||    37
Block: Kite shield       |    51 |    17 ||    68
       Rpst.: Long sword |     4 |       ||     4

Table legend: (Time is in decaauts)
 A = Elapsed time spent in this place.
 B = Non-inter-level travel time spent in this place.
 C = Inter-level travel time spent in this place.
 D = Time resting spent in this place.
 E = Time spent auto-exploring this place.
 F = Levels seen in this place.
 G = Mean time per level.
                   A        B        C        D        E       F      G
               +--------+--------+--------+--------+--------+-----+--------+
         Total |   3374 |   3117 |    257 |    322 |   2217 |   4 |  843.5 |
       Dungeon |   3374 |   3117 |    257 |    322 |   2217 |   4 |  843.5 |
               +--------+--------+--------+--------+--------+-----+--------+

Top non-repeatable levels by time:
     D:1: 1785 daAuts
     D:3: 792 daAuts
     D:2: 712 daAuts
     D:4: 83 daAuts
